 Dungeon Crawl Stone Soup version 0.16-a0-4086-gceb3487 (webtiles) character file.

92 MonstrousorDeath the Digger (level 4, 18/30 HPs)
             Began as a Demonspawn Earth Elementalist on Feb 22, 2015.
             Quit the game on level 3 of the Dungeon.
             The game lasted 00:10:30 (2323 turns).

MonstrousorDeath the Digger (DsEE)                  Turns: 2323, Time: 00:10:30

Health: 18/30      AC:  3    Str:  8    XL:     4   Next: 35%
Magic:  2/7        EV: 12    Int: 17    God:
Gold:   101        SH:  0    Dex: 14    Spells: 2 memorised, 3 levels left

rFire  . . .     SeeInvis .     b - 33 stones
rCold  + . .     Clarity  .     c - +0 robe
rNeg   . . .     SustAb   .     (no shield)
rPois  .         Gourm    .     (no helmet)
rElec  .         Spirit   .     s - +0 cloak
rCorr  .         Warding  .     (no gloves)
rMut   .         Stasis   .     (no boots)
MR     .....                    (no amulet)
Stlth  ++........               (no ring)
                                (no ring)

@: not resistant to hostile enchantments, unstealthy
A: cold resistance 1, rot immunity
a: no special abilities


You were on level 3 of the Dungeon.
You were very hungry.

You visited 1 branch of the dungeon, and saw 3 of its levels.

You collected 101 gold pieces.

Inventory:

Hand weapons
 p - a +0 blowgun
Missiles
 b - 33 stones (in hand)
 y - 16 poisoned needles
Armour
 c - a +0 robe (worn)
 s - a +0 cloak (worn)
Scrolls
 e - 4 scrolls of identify {unknown}
 f - 3 scrolls of magic mapping {unknown}
 g - 3 scrolls of teleportation {unknown}
 j - a scroll of immolation {unknown}
 k - a scroll of noise {unknown}
 l - a scroll of fear {unknown}
 o - a scroll of amnesia {unknown}
 u - 5 scrolls of remove curse {unknown}
 x - a scroll of enchant armour {unknown}
Potions
 n - a potion of ambrosia {unknown}
 r - a potion of magic {unknown}
 v - a potion of heal wounds {unknown}
 w - a potion of agility {unknown}
Books
 d - a book of Geomancy

   Spells                             Type                      Level
   a - Sandblast                      Earth                        1
   b - Stoneskin                      Transmutation/Earth          2
   c - Passwall                       Transmutation/Earth          3
   d - Stone Arrow                    Conjuration/Earth            3
   e - Petrify                        Transmutation/Earth          4
   f - Lee's Rapid Deconstruction     Earth                        5
Comestibles
 a - 2 bread rations
 h - 2 meat rations
 i - a royal jelly
 m - a slice of pizza
 q - a beef jerky
 t - 3 fruits


   Skills:
 - Level 1.7 Dodging
 - Level 1.7 Stealth
 - Level 2.0 Spellcasting
   Level 0.8 Transmutations
 + Level 4.7 Earth Magic


You had 3 spell levels left.
You knew the following spells:

 Your Spells              Type           Power        Failure   Level  Hunger
a - Sandblast             Erth           ###...       2%          1    #......
b - Stone Arrow           Conj/Erth      #.....       24%         3    ###....


Dungeon Overview and Level Annotations

Branches:
Dungeon (3/15)

Altars:


Innate Abilities, Weirdness & Mutations

Your flesh is cold resistant.
You are immune to rotting.


Message History

Aim: an orc priest, wielding a hand axe and wearing a leather armour (heavily wounded)
The rocky blast hits the orc priest.
The orc priest is heavily wounded.
The orc priest barely misses you.
Casting: Sandblast
Confirm with . or Enter, or press ? or * to list all spells.
Aiming: Sandblast
Press: ? - help, Shift-Dir - straight line, f/p - orc priest
Aim: an orc priest, wielding a hand axe and wearing a leather armour (heavily wounded)
The rocky blast hits the orc priest.
You kill the orc priest!
You have reached level 4!
Your demonic ancestry asserts itself...
You feel immune to rotting.
You feel agile.
Are you sure you want to abandon this character and quit the game? (Confirm with "yes".)
Okay, then.
Unknown command.
Unknown command.
Are you sure you want to abandon this character and quit the game? (Confirm with "yes".)

#. . .. # #. # .. #### .#
#... .# ..# ###.# .#
####.@.# .##
##...)#########... ..##
####.)........?.o..#
...#####....###############
...........## ...###...###
..## #.### .## #.# ######.#


There were no monsters in sight!

Vanquished Creatures
  An orc priest (D:3)
  2 adders (D:2)
  4 giant geckos
  2 oozes (D:1)
  7 bats
  3 giant cockroaches (D:1)
  3 goblins (D:1)
  4 hobgoblins
  2 jackals (D:3)
  6 kobolds
  2 quokkas (D:2)
  2 giant newts (D:1)
  6 rats
44 creatures vanquished.

Notes
Turn   | Place    | Note
--------------------------------------------------------------
     0 | D:1      | MonstrousorDeath, the Demonspawn Earth Elementalist, began the quest for the Orb.
     0 | D:1      | Reached XP level 1. HP: 13/13 MP: 3/3
   138 | D:1      | Reached skill level 3 in Earth Magic
   435 | D:1      | Gained mutation: Your flesh is cold resistant. [demonic ancestry]
   435 | D:1      | Reached XP level 2. HP: 5/19 MP: 0/4
  1388 | D:1      | Reached XP level 3. HP: 16/24 MP: 0/6
  1490 | D:1      | Reached skill level 4 in Earth Magic
  1815 | D:2      | Learned a level 3 spell: Stone Arrow
  2322 | D:3      | Gained mutation: You are immune to rotting. [demonic ancestry]
  2322 | D:3      | Reached XP level 4. HP: 18/30 MP: 2/7
  2323 | D:3      | Quit the game

Action                   |  1- 3 |  4- 6 || total
-------------------------+-------+-------++-------
Melee: Unarmed           |    11 |       ||    11
 Cast: Sandblast         |   112 |     1 ||   113
  Eat: Chunk             |     5 |       ||     5
